 Dungeon Sprint DCSS version 0.31-a0-662-g684573625c (webtiles) character file.

Game seed: 7618682708573743912

7897 fingers the Crack Shot (level 11, -2/95 HPs)
             Began as a Minotaur Hunter on Aug 31, 2023.
             Was the Champion of the Shining One.
             Slain by a merfolk
             ... wielding a +0 trident
              (3 damage)
             ... in the Dungeon (Sprint V: "Ziggurat Sprint").
             The game lasted 00:05:31 (785 turns).

fingers the Crack Shot (Minotaur Hunter)             Turns: 785, Time: 00:05:32

Health: -2/95      AC: 33    Str: 27    XL:     11   Next: 2%
Magic:  7/10       EV:  9    Int:  6    God:    the Shining One [******]
Gold:   0          SH:  6    Dex: 19    Spells: 10/10 levels left

rFire   . . .        A - +27 heavy crossbow "Sniper" {heavy, Acc+∞ SInv}
rCold   . . .        (shield currently unavailable)
rNeg    + + +        B - +15 Maxwell's patent armour {-Cast -Tele rElec Will+ rCorr}
rPois   .            (helmet restricted)
rElec   +            (no cloak)
rCorr   +            (no gloves)
SInv    +            G - +1 pair of boots {Stlth+}
Will    +....        (no amulet) Stlth
                     v - +6 ring of strength
HPRegen 0.35/turn    r - +6 ring of dexterity
MPRegen 0.12/turn

%: no teleportation, no spellcasting
@: divinely shielded, glowing
A: horns 2, retaliatory headbutt
a: Renounce Religion, Divine Shield, Cleansing Flame, Summon Divine Warrior,
Brand Weapon With Holy Wrath


You were in the Dungeon.
You worshipped the Shining One.
The Shining One was exalted by your worship.
You visited 1 branch

Inventory:

Hand Weapons
 p - the +8 frozen axe "Frostbite" {freeze, freezing cloud, *Noise Fly rC+}
   (You found it in the Dungeon)

   rC+:       It protects you from cold.
   Fly:       It grants you flight.
   *Noise:    It may make a loud noise when swung.
 A - the +27 heavy crossbow "Sniper" (weapon) {heavy, Acc+∞ SInv}
   (You found it in the Dungeon)

   Acc+∞: It never misses its target.
   SInv:      It lets you see invisible.
Armour
 B - the +15 Maxwell's patent armour (worn) {-Cast -Tele rElec Will+ rCorr}
   (You found it in the Dungeon)

   rElec:     It insulates you from electricity.
   Will+:     It increases your willpower.
   -Cast:     It prevents spellcasting.
   -Tele:     It prevents most forms of teleportation.
   rCorr:     It protects you from acid and corrosion.
 C - the +18 shield of the Gong {Loud rN+ Will+ rCorr EV-5}
   (You found it in the Dungeon)

   Loud:      It is deafeningly noisy when blocking attacks.
   EV-5:      It affects your evasion (-5).
   rN+:       It protects you from negative energy.
   Will+:     It increases your willpower.
   rCorr:     It protects you from acid and corrosion.
 G - a +1 pair of boots of stealth (worn)
Jewellery
 e - a ring of protection from fire
 q - a ring of flight
 r - a +6 ring of dexterity (right hand)
 s - a +6 ring of dexterity
 t - a +6 ring of intelligence
 u - a +6 ring of intelligence
 v - a +6 ring of strength (left hand)
 w - a +6 ring of strength
 D - a +6 ring of strength
 E - a ring of poison resistance
 F - a ring of see invisible
Wands
 x - a wand of mindburst (15)
 y - a wand of iceblast (7)
 z - a wand of acid (7)
 H - a wand of flame (13)
Scrolls
 b - a scroll of butterflies
 i - 4 scrolls of blinking
 m - 4 scrolls of amnesia
 n - 7 scrolls of fog
 o - 5 scrolls of identify
Potions
 a - 2 potions of brilliance
 c - 2 potions of invisibility
 d - 9 potions of curing
 f - 5 potions of haste
 g - 7 potions of magic
 h - 3 potions of berserk rage
 j - 3 potions of resistance
 k - a potion of experience
 l - 5 potions of might


   Skills:
 + Level 8.9 Fighting
 * Level 24.8 Ranged Weapons
 * Level 12.5 Armour
 - Level 3.2 Dodging
 + Level 1.4 Stealth
 + Level 0.4 Shields
 + Level 0.3 Invocations


You had 10 spell levels left.
You didn't know any spells.
Your spell library contained the following spells:

 Spells                   Type           Power      Damage    Failure   Level
 Apportation              Tloc           0%         N/A       98%         1
 Magic Dart               Conj           0%         1d3       98%         1
 Sting                    Tmut/Pois      0%         1d3       98%         1
 Summon Small Mammal      Summ           0%         N/A       98%         1
 Blink                    Tloc           0%         N/A       99%         2
 Lesser Beckoning         Tloc           0%         N/A       99%         2
 Momentum Strike          Conj/Tloc      0%         3d8       99%         2
 Passwall                 Tmut/Erth      0%         N/A       99%         2
 Poisonous Vapours        Pois/Air       0%         N/A       99%         2
 Static Discharge         Conj/Air       0%         2-2/arc   99%         2
 Call Canine Familiar     Summ           0%         N/A       100%        3
 Gell's Gravitas          Tloc           0%         N/A       100%        3
 Inner Flame              Hex/Fire       0%         N/A       100%        3
 Portal Projectile        Hex/Tloc       0%         N/A       100%        3
 Summon Guardian Golem    Hex/Summ       0%         N/A       100%        3
 Teleport Other           Tloc           0%         N/A       100%        3
 Airstrike                Air            0%         2d(0-16)  100%        4
 Olgreb's Toxic Radiance  Pois           0%         N/A       100%        4
 Summon Lightning Spire   Summ/Air       0%         N/A       100%        4
 Freezing Cloud           Conj/Ice/Air   0%         6-21      100%        5
 Irradiate                Conj/Tmut      0%         3d11      100%        5
 Summon Forest            Summ/Tloc      0%         N/A       100%        5
 Leda's Unmaking          Conj/Erth      0%         9d1       100%        6
 Orb of Destruction       Conj           0%         9d5       100%        7


Dungeon Overview and Level Annotations

Branches:
Dungeon (1/1)

Altars:
Ashenzari
Cheibriados
Dithmenos
Elyvilon
Fedhas
Gozag
Hepliaklqana
Kikubaaqudgha
Makhleb
Nemelex Xobeh
Okawaru
Qazlal
Ru
Sif Muna
Trog
Uskayaw
Vehumet
Wu Jian
Xom
Yredelemnul
Zin
The Shining One
Jiyva
Lugonu


Innate Abilities, Weirdness & Mutations

You have a pair of horns on your head.
You reflexively headbutt those who attack you in melee.


Message History

The wind drake exhales a fierce blast of wind!
The cyclops is knocked back by the gust of wind.
You are knocked back by the gust of wind.
You slam into the unnaturally hard rock wall!
The centaur is knocked back by the gust of wind.
The centaur slams into the unnaturally hard rock wall!
The centaur is moderately wounded.
The merfolk hits you but does no damage. x2
You block the wind drake's attack.
The merfolk hits you from afar with a +0 trident!
* * * LOW HITPOINT WARNING * * *
You block the merfolk's attack. The centaur barely misses you.
You furiously retaliate!
You headbutt the centaur!
The centaur kicks you but does no damage.
The cyclops throws a large rock.
The large rock hits you but does no damage.
The cyclops hits you but does no damage.
The wind drake exhales a fierce blast of wind!
You are knocked back by the gust of wind.
You slam into the unnaturally hard rock wall!
* * * LOW HITPOINT WARNING * * *
The cyclops is knocked back by the gust of wind.
The centaur is knocked back by the gust of wind.
The centaur slams into the unnaturally hard rock wall!
The centaur dies!
The merfolk throws a boomerang.
The boomerang hits you but does no damage.
You have reached level 11!
You shoot a bolt. The bolt hits the cyclops!!!
The cyclops is almost dead.
The merfolk barely misses you.
The wind drake bites you but does no damage.
The merfolk barely misses you.
The merfolk hits you from afar with a +0 trident!
* * * LOW HITPOINT WARNING * * *
The cyclops throws a large rock.
You block the large rock.
The wind drake bites you but does no damage.
The cyclops barely misses you.
The merfolk hits you from afar with a +0 trident.
You die...

▓..)=/=|..▓
▓...:/))..▓
▓.........▓
▓.........▓
▓.........▓
▓....mm...▓
▓.▓.k.CC▓.▓
▓...)@(...▓
▓▓▓▓▓▓▓▓▓▓▓


You could see a wind drake (repels missiles, catching breath), 2 merfolk and 2
cyclopes.

Vanquished Creatures
  3 spriggans (D)
  3 cyclopes (D)
  2 shining eyes (D)
  3 naga magi (D)
  2 eyes of devastation (D)
  4 yaktaurs (D)
  A polar bear (D)
  A wind drake (D)
  2 hornets (D)
  A slime creature (D)
  A golden eye (D)
  A water moccasin (D)
  A floating eye (D)
  An ice beast (D)
  A hell hound (D)
  2 black bears (D)
  3 wolves (D)
  A centaur (D)
  A jelly (D)
  A quasit (D)
  An orc priest (D)
  2 orc wizards (D)
  An adder (D)
  2 white imps (D)
  An ufetubus (D)
  A bat skeleton (D)
  4 endoplasms (D)
  A jackal (D)
  A ball python simulacrum (D)
49 creatures vanquished.

Vanquished Creatures (others)
  A centaur (D)
  A ball python (D)
2 creatures vanquished.

Grand Total: 51 creatures vanquished

Notes
Turn   | Place    | Note
-------+----------+-------------------------------------------
     0 | D        | fingers the Minotaur Hunter began the quest for the Orb.
     0 | D        | Reached XP level 1. HP: 18/18 MP: 0/0
     4 | D        | Banished a spatial maelstrom
     8 | D        | Found a shimmering blue altar of Sif Muna.
     8 | D        | Found a bloodstained altar of Trog.
     8 | D        | Found a sacrificial altar of Ru.
     8 | D        | Found a stormy altar of Qazlal.
     8 | D        | Found an iron altar of Okawaru.
     9 | D        | Found a sparkling altar of Nemelex Xobeh.
     9 | D        | Found a blossoming altar of Fedhas.
     9 | D        | Found the +6 Majin-Bo {spellvamp, MP+6 Int+6}
     9 | D        | Found the +27 heavy crossbow "Sniper" {heavy, Acc+∞ SInv}
     9 | D        | Found the +10 dark maul {heavy}
     9 | D        | Found the +15 Maxwell's patent armour {-Cast -Tele rElec
                  | Will+ rCorr}
     9 | D        | Found the +18 shield of the Gong {Loud rN+ Will+ rCorr
                  | EV-5}
     9 | D        | Found the +16 obsidian axe {drain, demonic, Mesm Drain Fly
                  | SInv}
     9 | D        | Found the +7 great mace "Firestarter" {flame, immolate,
                  | rFlCloud rF++}
     9 | D        | Found the +6 shillelagh "Devastator" {shatter}
     9 | D        | Found the +11 plutonium sword {Contam Stlth-}
     9 | D        | Found the +8 lance "Wyrmbane" {slay drac, rPois rF+ rC+
                  | AC+3}
     9 | D        | Found the +9 sword of Zonguldrok {reap}
     9 | D        | Found the +13 scythe of Curses {drain, curses, Drain}
     9 | D        | Found the +9 sword of Power {lifebolt}
     9 | D        | Found the +7 mace of Variability {chaos, chaos arc}
     9 | D        | Found the +11 Singing Sword {sonic wave}
     9 | D        | Found the +8 storm bow {elec, penet}
    11 | D        | Found a transporter.
    11 | D        | Found an ancient bone altar of Kikubaaqudgha.
    11 | D        | Found a viscous altar of Jiyva.
    11 | D        | Found a corrupted altar of Lugonu.
    11 | D        | Found a hazy altar of Hepliaklqana.
    11 | D        | Found a burning altar of Makhleb.
    11 | D        | Found an opulent altar of Gozag.
    65 | D        | Became a worshipper of the Shining One
    84 | D        | Entered arena 2.
    84 | D        | Noticed a wolf
    84 | D        | Found a transporter.
    85 | D        | Killed a wolf
    86 | D        | Reached skill level 9 in Ranged Weapons
    86 | D        | Reached skill level 1 in Stealth
    86 | D        | Reached XP level 2. HP: 26/26 MP: 1/1
    86 | D        | Reached XP level 3. HP: 31/31 MP: 2/2
    86 | D        | Reached XP level 4. HP: 38/38 MP: 3/3
    90 | D        | Got the Book of the Countless Eyes
    94 | D        | Entered arena 3.
    94 | D        | Reached * piety under the Shining One
    94 | D        | Found a transporter.
    96 | D        | Reached skill level 10 in Ranged Weapons
    96 | D        | Reached skill level 1 in Armour
    97 | D        | Reached skill level 11 in Ranged Weapons
    97 | D        | Reached XP level 5. HP: 36/46 MP: 4/4
   103 | D        | Got Cahifuof's Excursus on Bombardment
   110 | D        | Entered arena 4.
   110 | D        | Reached ** piety under the Shining One
   110 | D        | Noticed an ice beast
   110 | D        | Noticed a polar bear
   110 | D        | Found a transporter.
   111 | D        | Killed a polar bear
   112 | D        | Reached skill level 14 in Ranged Weapons
   112 | D        | Reached XP level 6. HP: 48/53 MP: 5/5
   112 | D        | Killed an ice beast
   113 | D        | Reached skill level 15 in Ranged Weapons
   113 | D        | Reached *** piety under the Shining One
   120 | D        | Got Becuciufee's Secrets of Geometry
   127 | D        | Entered arena 5.
   127 | D        | Noticed a floating eye
   127 | D        | Noticed a slime creature
   127 | D        | Reached **** piety under the Shining One
   127 | D        | Found a transporter.
   128 | D        | Paralysed by a floating eye for 4 turns
   130 | D        | Killed a slime creature
   131 | D        | Reached skill level 16 in Ranged Weapons
   131 | D        | Reached skill level 5 in Armour
   131 | D        | Reached XP level 7. HP: 59/60 MP: 6/6
   132 | D        | Reached skill level 5 in Fighting
   142 | D        | Entered arena 6.
   142 | D        | Reached ***** piety under the Shining One
   142 | D        | Found a transporter.
   145 | D        | Reached skill level 17 in Ranged Weapons
   168 | D        | Entered arena 7.
   168 | D        | Reached ****** piety under the Shining One
   168 | D        | Noticed a naga mage
   168 | D        | Noticed a naga mage
   168 | D        | Noticed a naga mage
   172 | D        | Reached XP level 8. HP: 68/68 MP: 7/7
   172 | D        | Killed a naga mage
   173 | D        | Reached skill level 18 in Ranged Weapons
   173 | D        | Killed a naga mage
   174 | D        | Reached skill level 19 in Ranged Weapons
   181 | D        | Killed a naga mage
   336 | D        | Found a transporter.
   347 | D        | Got Loyxurenn's Tractate on Sweltering Topomancy
   356 | D        | Entered arena 8.
   356 | D        | Noticed a cyclops
   356 | D        | Noticed a yaktaur
   356 | D        | Noticed a cyclops
   356 | D        | Noticed a yaktaur
   356 | D        | Noticed a yaktaur
   356 | D        | Noticed a yaktaur
   357 | D        | Killed a cyclops
   358 | D        | Reached skill level 20 in Ranged Weapons
   358 | D        | Reached XP level 9. HP: 50/75 MP: 8/8
   359 | D        | Killed a cyclops
   360 | D        | Reached skill level 21 in Ranged Weapons
   365 | D        | Killed a yaktaur
   366 | D        | Killed a yaktaur
   367 | D        | Found a transporter.
   369 | D        | Killed a yaktaur
   374 | D        | Killed a yaktaur
   375 | D        | Reached skill level 22 in Ranged Weapons
   424 | D        | Entered arena 9.
   424 | D        | Noticed a spriggan rider
   424 | D        | Noticed a spriggan rider
   427 | D        | Killed a spriggan rider
   428 | D        | Reached skill level 10 in Armour
   428 | D        | Reached XP level 10. HP: 79/86 MP: 9/9
   431 | D        | Reached skill level 23 in Ranged Weapons
   434 | D        | Found a transporter.
   435 | D        | Killed a spriggan rider
   527 | D        | Entered arena 10.
   527 | D        | Found the +8 frozen axe "Frostbite" {freeze, freezing
                  | cloud, *Noise Fly rC+}
   527 | D        | Noticed an eye of devastation
   527 | D        | Noticed a shining eye
   527 | D        | Noticed an eye of devastation
   527 | D        | Noticed a shining eye
   529 | D        | Killed a shining eye
   531 | D        | Killed a shining eye
   532 | D        | Reached skill level 24 in Ranged Weapons
   533 | D        | Killed an eye of devastation
   536 | D        | HP: 1/90 [disintegration (38)]
   539 | D        | Killed an eye of devastation
   749 | D        | Found a transporter.
   757 | D        | Got the Incunabulum of Superposition
   776 | D        | Entered arena 11.
   776 | D        | Noticed a cyclops
   776 | D        | Noticed a cyclops
   776 | D        | Noticed a cyclops
   784 | D        | Killed a cyclops
   785 | D        | Reached XP level 11. HP: 14/95 MP: 7/10
   785 | D        | HP: 1/95 [merfolk/+0 trident (14)]
   785 | D        | Slain by a merfolk

Illustrated notes

Levels and vault maps discovered:
D:        sprint_v [room_start, room_1, room_2, room_3, room_4, room_5, room_6,
          room_7, room_8, room_9, room_10, room_11, room_12, room_13, room_14,
          room_15, room_16, room_17, room_18, room_19, room_20, room_21,
          room_22, room_23, room_24, room_25, room_26, room_27]

Skill      XL: |  1  2  3  4  5  6  7  8  9 10 |
---------------+-------------------------------+-----
Fighting       | 3 4 5 6 7 8 |  8.9
Ranged Weapons | 9 11 14 16 17 20 22 24 | 24.8
Dodging        | 3 |  3.2
Stealth        | 1 |  1.4
Armour         | 2 4 5 6 8 10 12 | 12.5
Shields        | |  0.4
Invocations    | |  0.3

Action                     |  1- 3 |  4- 6 |  7- 9 | 10-12 || total
---------------------------+-------+-------+-------+-------++-------
   Fire: Heavy crossbow    |     1 |     9 |    24 |    22 ||    56
 Invoke: Divine Shield     |       |       |       |     1 ||     1
    Use: Potion            |       |       |    14 |     3 ||    17
         Scroll            |       |       |     1 |     1 ||     2
 Armour: Plate armour      |       |    13 |    92 |    79 ||   184
  Dodge: Dodged            |     1 |     5 |    40 |    33 ||    79
  Block: Other             |       |       |       |     7 ||     7

Table legend: (Time is in decaauts)
 A = Elapsed time spent in this place.
 B = Non-inter-level travel time spent in this place.
 C = Inter-level travel time spent in this place.
 D = Time resting spent in this place.
 E = Time spent auto-exploring this place.
 F = Levels seen in this place.
 G = Mean time per level.
                   A        B        C        D        E       F      G
               +--------+--------+--------+--------+--------+-----+--------+
         Total |    865 |    865 |      0 |      0 |    492 |   1 |  865.0 |
       Dungeon |    865 |    865 |      0 |      0 |    492 |   1 |  865.0 |
               +--------+--------+--------+--------+--------+-----+--------+

Top non-repeatable levels by time:
       D: 865 daAuts
